 Dungeon Crawl Stone Soup version 0.22-a0-284-g99d1f7439c (webtiles) character file.

4247 Infinimo the Cleaver (level 10, 0/70 HPs)
             Began as a Demonspawn Berserker on Mar 21, 2018.
             Was a High Priest of Trog.
             Slain by a yak (12 damage)
             ... on level 9 of the Dungeon on Mar 22, 2018.
             The game lasted 00:12:52 (8513 turns).

Infinimo the Cleaver (Demonspawn Berserker)         Turns: 8513, Time: 00:12:52

Health: 0/70       AC: 10    Str: 20    XL:     10   Next: 9%
Magic:  10/10      EV:  8    Int:  9    God:    Trog [*****.]
Gold:   407        SH:  0    Dex: 17    Spells: 9/9 levels left

rFire    . . .     SeeInvis +   w - +0 battleaxe
rCold    . . .     Gourm    .   (shield currently unavailable)
rNeg     . . .     Faith    .   j - +1 chain mail of Light {Regen+}
rPois    +         Spirit   .   m - +0 helmet
rElec    .         Reflect  .   (no cloak)
rCorr    +         Harm     .   (no gloves)
MR       .....                  (no boots)
Stlth    ..........             q - amulet of regeneration
HPRegen  1.41/turn              o - ring of see invisible
MPRegen  0.12/turn              p - ring of resist corrosion

@: confused
A: claws 1, hooves 1, thin skeletal structure 2, demonic guardian 1, poison
resistance, powered by death 1, regeneration 1, evolution 1
a: Berserk, Trog's Hand, Brothers in Arms, Renounce Religion


You were on level 9 of the Dungeon.
You worshipped Trog.
Trog was extremely pleased with you.
You were not hungry.

You visited 1 branch of the dungeon, and saw 9 of its levels.
You also visited: Ossuary.

You collected 407 gold pieces.

Inventory:

Hand Weapons
 w - a +0 battleaxe (weapon)
Armour
 j - the +1 chain mail of Light (worn) {Regen+}
   (You found it on level 6 of the Dungeon)

   It increases your rate of regeneration.
 m - a +0 helmet (worn)
Jewellery
 o - a ring of see invisible (left claw)
 p - a ring of resist corrosion (right claw)
 q - an amulet of regeneration (around neck)
Wands
 r - a wand of iceblast (8)
Scrolls
 g - 4 scrolls of identify
 k - 2 scrolls of magic mapping
 l - 2 scrolls of teleportation
Potions
 b - a potion of magic
 d - a potion of heal wounds
 f - 5 potions of curing
 h - a potion of haste
 i - 4 potions of lignification
 n - a potion of agility
 t - a potion of degeneration
Comestibles
 a - 5 chunks of flesh
 c - 6 rations


   Skills:
 - Level 3.0 Fighting
 + Level 13.2 Axes
 - Level 1.7 Armour
 - Level 1.7 Dodging


You had 9 spell levels left.
You didn't know any spells.

Dungeon Overview and Level Annotations

Branches:
Dungeon (9/15)             Temple (0/1) D:4
   Lair: D:8-11         Orc: D:9-12

Altars:
Ashenzari
Gozag
Nemelex Xobeh
Trog


Innate Abilities, Weirdness & Mutations

You have sharp fingernails.
You have a moderately thin skeletal structure. (Dex +4, Stealth+)
A weak demonic guardian rushes to your aid.
You regenerate a little health from kills.
You have large cloven feet.
Your system is resistant to poisons. (rPois)
Your natural rate of healing is unusually fast.
You evolve.


Message History

You recover from your berserk rage.
You climb downwards.
The yak gores you!
The vampire gestures at you while chanting.
You are confused.
The yak gores you!
There is a stone staircase leading up, spattered with blood here.
You're too confused!
Unknown command.
Your ufetubus hits the yak. x2; The vampire bites your ufetubus!
Your ufetubus dies!
In your confused state, you trip and fall back down the stairs.
The yak gores you! The yak gores you. The yak gores you.
In your confused state, you trip and fall back down the stairs.
The yak gores you. The yak gores you!
* * * LOW HITPOINT WARNING * * *
The yak gores you!
* * * LOW HITPOINT WARNING * * *
The yak gores you!
You die...

############
..........
#.....#..
#YV...#.#
#@Y...#.#
#YYo....#
#Y.....##
.##.....##
......./Y.##
#..##.....o.#
##
###..#.o.....V.
.....###..o?...
....#.# .......


You could see 6 yaks, a vampire, an orc wizard and 2 orcs.

Vanquished Creatures
  The ghost of Infinimo the Carver, a novice DsGl of Okawaru (D:6)
  Joseph (D:8)
  A troll (D:8)
  Grinder (D:3)
  Duvessa (D:7)
  2 ice beasts
  2 sky beasts
  An orc warrior (D:6)
  A phantom (D:4)
  2 centaurs
  4 ogres
  3 bullfrogs
  Dowan (D:7)
  4 scorpions
  3 wights (D:8)
  4 howler monkeys
  5 crimson imps
  2 centaur zombies
  A jelly (D:7)
  4 orc wizards
  A bullfrog skeleton (D:4)
  A centaur skeleton (D:8)
  Terence (D:3)
  An iguana (D:7)
  Ijyb (D:5)
  Natasha (thrice) (D:2)
  6 worker ants
  6 big kobold zombies (Ossuary)
  A hound skeleton (D:7)
  A mummy (Ossuary)
  A worker ant zombie (D:5)
  Robin (D:3)
  4 gnolls (D:3)
  A howler monkey skeleton (D:6)
  6 adders
  3 shadow imps
  3 adder zombies (D:6)
  4 worms
  2 dart slugs
  4 leopard geckos
  17 orcs
  5 spectral bats (Ossuary)
  6 bats
  15 giant cockroaches
  6 gnoll zombies (Ossuary)
  11 goblins
  8 hobgoblins
  8 jackals
  2 quokkas
  A ball python (D:2)
  3 bat simulacra (Ossuary)
  2 frilled lizards (D:3)
  6 goblin simulacra (Ossuary)
  7 goblin zombies (Ossuary)
  2 hobgoblin zombies (Ossuary)
  A jackal skeleton (D:9)
  A jackal zombie (D:5)
  4 kobolds
  A kobold simulacrum (Ossuary)
  7 kobold zombies (Ossuary)
  A leopard gecko zombie (D:5)
  An orc zombie (Ossuary)
  11 rats
  3 rat simulacra (Ossuary)
  3 spectral goblins (Ossuary)
  4 spectral rats (Ossuary)
231 creatures vanquished.

Vanquished Creatures (collateral kills)
  An ice beast (D:6)
  An ogre (D:5)
  A centaur skeleton (D:6)
  A bat (D:4)
4 creatures vanquished.

Vanquished Creatures (others)
  A kobold zombie (Ossuary)
1 creature vanquished.

Grand Total: 236 creatures vanquished

Notes
Turn   | Place    | Note
-------+----------+-------------------------------------------
     0 | D:1      | Infinimo the Demonspawn Berserker began the quest for the Orb.
     0 | D:1      | Reached XP level 1. HP: 18/18 MP: 1/1
   213 | D:1      | Reached skill level 3 in Axes
   359 | D:1      | Gained mutation: You have a somewhat thin skeletal structure. (Dex +2, Stealth) [demonic ancestry]
   359 | D:1      | Reached XP level 2. HP: 22/24 MP: 2/2
  1208 | D:2      | Gained mutation: You have a moderately thin skeletal structure. (Dex +4, Stealth+) [demonic ancestry]
  1208 | D:2      | Reached XP level 3. HP: 29/29 MP: 3/3
  1303 | D:2      | Reached ** piety under Trog
  1303 | D:2      | Reached skill level 4 in Axes
  1983 | D:2      | Noticed Natasha
  1990 | D:2      | Reached XP level 4. HP: 23/35 MP: 4/4
  1995 | D:2      | Reached skill level 5 in Axes
  1995 | D:2      | Killed Natasha
  1995 | D:2      | Gained mutation: You regenerate a little health from kills. [demonic ancestry]
  1995 | D:2      | Reached XP level 5. HP: 21/41 MP: 5/5
  2023 | D:2      | Noticed Natasha
  2033 | D:2      | Killed Natasha
  2093 | D:2      | Noticed Natasha
  2103 | D:2      | Killed Natasha
  2449 | D:3      | Noticed Grinder
  2463 | D:3      | Paralysed by Grinder for 6 turns
  2479 | D:3      | Gained mutation: Your mind is acute. (Int +2) [potion of mutation]
  2479 | D:3      | Gained mutation: Your natural rate of healing is unusually fast. [potion of mutation]
  2479 | D:3      | Gained mutation: You evolve. [potion of mutation]
  2479 | D:3      | Gained mutation: You are resistant to electric shocks. (rElec) [potion of mutation]
  2479 | D:3      | Paralysed by Grinder for 7 turns
  2498 | D:3      | Paralysed by Grinder for 2 turns
  2507 | D:3      | Killed Grinder
  2507 | D:3      | Reached skill level 6 in Axes
  2507 | D:3      | Gained mutation: You have sharp fingernails. [demonic ancestry]
  2507 | D:3      | Reached XP level 6. HP: 29/47 MP: 6/6
  2876 | D:3      | Noticed Robin
  2888 | D:3      | Killed Robin
  2893 | D:3      | Reached *** piety under Trog
  2893 | D:3      | Reached skill level 7 in Axes
  3160 | D:3      | Noticed Terence
  3171 | D:3      | Killed Terence
  3171 | D:3      | Reached XP level 7. HP: 52/52 MP: 7/7
  3459 | D:4      | Found a shattered altar of Ashenzari.
  3562 | D:4      | Found a sand-covered staircase.
  3566 | Ossuary  | Entered an ossuary
  3684 | Ossuary  | Reached **** piety under Trog
  3850 | Ossuary  | Reached skill level 8 in Axes
  4319 | D:4      | Gained mutation: Armour fits poorly on your strangely shaped body. [evolution]
  4324 | D:4      | Found a staircase to the Ecumenical Temple.
  4661 | D:4      | HP: 1/52 [ogre/giant club (27)]
  4668 | D:4      | Reached skill level 9 in Axes
  4668 | D:4      | Gained mutation: A weak demonic guardian rushes to your aid. [demonic ancestry]
  4668 | D:4      | Reached XP level 8. HP: 21/58 MP: 8/8
  5034 | D:5      | Entered Level 5 of the Dungeon
  5218 | D:5      | Noticed Ijyb
  5232 | D:5      | Killed Ijyb
  5291 | D:5      | Reached ***** piety under Trog
  5367 | D:5      | Reached skill level 10 in Axes
  5383 | D:5      | Found an opulent altar of Gozag.
  5415 | D:5      | Noticed a moth of wrath
  5458 | D:5      | Found a bloodstained altar of Trog.
  6023 | D:3      | Lost mutation: You are resistant to electric shocks. (rElec) [potion of mutation]
  6023 | D:3      | Lost mutation: Armour fits poorly on your strangely shaped body. [potion of mutation]
  6023 | D:3      | Gained mutation: You have large cloven feet. [potion of mutation]
  6023 | D:3      | Gained mutation: Your system is resistant to poisons. (rPois) [potion of mutation]
  6377 | D:5      | Found a sparkling altar of Nemelex Xobeh.
  6517 | D:6      | Noticed Infinimo's ghost (novice DsGl)
  6536 | D:6      | Killed Infinimo's ghost
  6536 | D:6      | Reached skill level 11 in Axes
  6536 | D:6      | Reached XP level 9. HP: 63/63 MP: 9/9
  6769 | D:6      | Got a faintly humming chain mail
  6780 | D:6      | Identified the +1 chain mail of Light {Regen+} (You found it on level 6 of the Dungeon)
  6834 | D:6      | Received a gift from Trog
  7420 | D:7      | Noticed Dowan
  7423 | D:7      | Noticed Duvessa
  7429 | D:7      | Killed Dowan
  7437 | D:7      | Killed Duvessa
  7437 | D:7      | Reached skill level 12 in Axes
  7975 | D:8      | Received a gift from Trog
  8116 | D:8      | Noticed a troll
  8122 | D:8      | Noticed Joseph
  8132 | D:8      | Killed a troll
  8138 | D:8      | Killed Joseph
  8138 | D:8      | Reached skill level 13 in Axes
  8138 | D:8      | Reached XP level 10. HP: 70/70 MP: 10/10
  8222 | D:8      | Lost mutation: Your mind is acute. (Int +2) [evolution]
  8513 | D:9      | Slain by a yak

Vault maps used:
D:1:      evilmike_arrival_hilbert_curve, kennysheep_doodads,
          minmay_tree_intersection
D:2:      minmay_roachtagon, uniq_natasha
D:3:      uniq_grinder, uniq_robin, uniq_terence
D:4:      ashenzari_conservatory_becter, temple_statues, enter_ossuary_5,
          first_ration, palyth_stone_intersect
D:5:      kennysheep_mini, basic_altar, grunt_ministairs_4, tgw_trog, uniq_ijyb
D:6:      minmay_strange_pillars
D:7:      uniq_duvessa
D:8:      uniq_joseph
D:9:      chequers_temple_overflow_minitemple, erik_lair_dragon
Ossuary:  ossuary_zaba_two_paths

Skill      XL: |  1  2  3  4  5  6  7  8  9 |
---------------+----------------------------+-----
Axes           | 3 4 5 6 7 9 11 13 | 13.2
Fighting       | |  3.0
Armour         | |  1.7
Dodging        | |  1.7

Action                   |  1- 3 |  4- 6 |  7- 9 | 10-12 || total
-------------------------+-------+-------+-------+-------++-------
Melee: Hand axe          |   105 |   173 |   506 |       ||   784
       War axe           |       |       |   246 |       ||   246
       Kick              |       |       |    59 |     5 ||    64
       Battleaxe         |       |       |       |    16 ||    16
Invok: Berserk           |     4 |     4 |     8 |     1 ||    17
  Use: Scroll            |     3 |       |     9 |     5 ||    17
       Potion            |       |     3 |     2 |       ||     5
 Stab: Sleeping          |     5 |     5 |     1 |       ||    11
       Distracted        |       |       |     1 |       ||     1
  Eat: Chunk             |     6 |     4 |    18 |     3 ||    31
       Ration            |       |     1 |     2 |       ||     3
Armor: Animal skin       |    18 |       |       |       ||    18
       Leather armour    |     1 |    49 |       |       ||    50
       Plate armour      |       |       |   232 |       ||   232
       Chain mail        |       |       |    61 |    16 ||    77
Dodge: Dodged            |    69 |    77 |   206 |    12 ||   364

Table legend:
 A = Spawn XP
 B = Non-spawn XP
 C = Spawn XP percentage of total XP
 D = Spawn monster count
 E = Non-spawn monster count
 F = Spawn count percentage of total count
 G = Total turns spent on level
                    A         B        C        D         E        F      G
               +---------+---------+-------+---------+---------+-------+---------
         Total |       0 |    6068 |   0.0 |       0 |     235 |   0.0 |  8513
               +---------+---------+-------+---------+---------+-------+---------
           D:1 |       0 |      33 |   0.0 |       0 |      18 |   0.0 |  1202
           D:2 |       0 |     243 |   0.0 |       0 |      27 |   0.0 |  1112
           D:3 |       0 |     496 |   0.0 |       0 |      33 |   0.0 |  1247
           D:4 |       0 |     602 |   0.0 |       0 |      15 |   0.0 |  1182
           D:5 |       0 |     896 |   0.0 |       0 |      33 |   0.0 |  1271
           D:6 |       0 |    1196 |   0.0 |       0 |      22 |   0.0 |   838
           D:7 |       0 |     856 |   0.0 |       0 |      14 |   0.0 |   550
           D:8 |       0 |    1276 |   0.0 |       0 |      13 |   0.0 |   580
           D:9 |       0 |     234 |   0.0 |       0 |       5 |   0.0 |    46
       Ossuary |       0 |     236 |   0.0 |       0 |      55 |   0.0 |   485
               +---------+---------+-------+---------+---------+-------+---------
